Map: Blueshift LE

Players

Maxilicious

  • Race: Terran Terran
  • Spawn Location: 1:00

A.I. 1 (Very Easy) - Winner!

  • Race: Protoss Protoss
  • Spawn Location: 7:00

VOD

Have the link to the VOD?

Description

Time

  • Played on: Jan. 14, 2019, 6:17 a.m.
  • Length: 6:22
Show
View Real Time Build Order
Export as new Build Order

Maxilicious Terran 

Build Orders: Gas First Reaper Expand 

Get SALT Encoding   

  12  0:00  SCV  
  13  0:13  SCV  
  14  0:17  Supply Depot  
  14  0:25  SCV  
  15  0:29  Refinery  
  15  0:38  SCV  
  16  0:46  Barracks  
  16  0:50  SCV  
  17  1:03  SCV  
  18  1:15  SCV  
  19  1:33  Orbital Command  
  19  1:34  Reaper  
  20  1:47  Command Center  
  20  1:58  Factory  
  20  2:02  SCV  
  20  2:06  Barracks Reactor  
  21  2:14  SCV  
  22  2:19  Supply Depot  
  22  2:23  Refinery  
  22  2:26  SCV  
  23  2:41  SCV  
  23  2:44  Starport  
  24  2:49  Marine x2  
  24  2:51  Factory Tech Lab  
  26  2:54  SCV  
  27  2:59  Orbital Command  
  27  3:06  Marine  
  27  3:07  SCV, Marine  
  30  3:16  Cyclone  
  30  3:19  SCV  
  34  3:20  Starport Tech Lab  
  34  3:24  Marine x2  
  36  3:29  Supply Depot  
  36  3:31  SCV  
  36  3:32  SCV  
  38  3:44  SCV  
  39  3:50  Raven  
  39  3:52  SCV  
  42  3:57  Marine x2  
  42  3:58  SCV  
  42  4:02  Supply Depot  
  45  4:08  Command Center  
  45  4:10  SCV  
  45  4:13  Siege Tank  
  45  4:16  SCV  
  50  4:24  Supply Depot  
  50  4:25  SCV  
  50  4:26  Marine  
  50  4:27  Marine  
  50  4:29  SCV  
  54  4:35  Supply Depot  
  56  4:46  Siege Tank  
  57  4:55  SCV x2  
  57  4:56  Barracks  
  57  4:57  Refinery  
  57  4:58  Refinery  
  59  5:00  Engineering Bay  
  59  5:01  Barracks  
  59  5:04  Marine  
  60  5:08  SCV  
  60  5:09  SCV  
  62  5:20  SCV  
  62  5:21  SCV  
  64  5:22  Orbital Command  
  64  5:27  Marine  
  65  5:33  SCV x2  
  65  5:35  Starport Reactor, Factory Reactor  
  67  5:41  Barracks  
  67  5:42  Barracks  
  67  5:43  Marine x2  
  69  5:50  SCV x2  
  69  5:51  SCV  
  69  5:55  Marine  
  73  6:00  Supply Depot  
  73  6:04  Marine x2  
  73  6:05  Supply Depot  
  73  6:06  SCV x2  
  73  6:07  SCV  
Show
View Real Time Build Order
Export as new Build Order

A.I. 1 (Very Easy) Protoss - Winner!

Build Orders:  

Get SALT Encoding   

  12  0:00  Probe  
  13  0:13  Probe  
  14  0:18  Pylon  
  14  0:36  Assimilator  
  14  0:43  Gateway  
  14  0:46  Pylon  
  14  1:13  Assimilator  
  14  1:16  Probe  
  14  1:25  Probe  
  16  1:33  Probe, Cybernetics Core  
  17  1:43  Probe  
  18  1:54  Probe  
  18  1:59  Warp Gate  
  19  2:02  Probe  
  20  2:10  Stalker  
  22  5:17  Zealot  
  22  5:19  Probe, Pylon  
  25  5:21  Robotics Facility  
  25  5:27  Probe  
  26  5:35  Probe  
  27  5:45  Probe  
  26  5:53  Pylon  
  26  5:57  Probe  
  27  6:06  Probe  
  29  6:13  Zealot  
Tags
 
Add a new tag
Caveats
  • Supply blocks, unpowered buildings, or Contaminate may cause inaccurate times.
  • Supply counts are checked every 10 seconds.